 Dungeon Crawl Stone Soup version 0.30.1 (webtiles) character file.

Game seed: 1120337419538868935

151 safid the Chiller (level 5, -2/40 HPs)
             Began as a Merfolk Ice Elementalist on July 10, 2023.
             Slain by Menkaure (3 damage)
             ... on level 6 of the Dungeon.
             The game lasted 00:04:32 (2468 turns).

safid the Chiller (Merfolk Ice Elementalist)        Turns: 2468, Time: 00:04:32

Health: -2/40      AC: 10    Str:  8    XL:     5   Next: 33%
Magic:  1/9        EV: 12    Int: 17    God:
Gold:   152        SH:  0    Dex: 14    Spells: 3/10 levels left

rFire   . . .        l - +1 short sword (elec)
rCold   . . .        (no shield)
rNeg    . . .        a - +0 robe
rPois   .            (no helmet)
rElec   .            (no cloak)
rCorr   .            (no gloves)
SInv    .            r - +1 pair of boots
Will    .....        (no amulet)
Stlth   ++           (no ring)
HPRegen 0.26/turn    (no ring)
MPRegen 0.11/turn

%: no passive effects
@: ice-armoured, freezing walls, flying
A: (nimble swimmer 2), mertail
a: no special abilities


You were on level 6 of the Dungeon.
You visited 1 branch of the dungeon, and saw 6 of its levels.

You collected 152 gold pieces.

Inventory:

Hand Weapons
 j - a +0 short sword of venom
 l - a +1 short sword of electrocution (weapon)
Armour
 a - a +0 robe (worn)
 r - a +1 pair of boots (worn)
Scrolls
 d - 2 scrolls of noise {unknown}
 e - 5 scrolls of identify {unknown}
 f - a scroll of teleportation {unknown}
 h - a scroll of vulnerability {unknown}
 m - a scroll of magic mapping {unknown}
 o - a scroll of acquirement {unknown}
Potions
 b - a potion of magic
 c - a potion of ambrosia {unknown}
 i - 3 potions of curing
 k - a potion of cancellation {unknown}
 p - 2 potions of attraction {unknown}
 q - a potion of mutation {unknown}


   Skills:
 + Level 2.8 Fighting
 - Level 2.6 Dodging
 - Level 2.1 Stealth
 + Level 3.2 Spellcasting
 + Level 5.4 Ice Magic


You had 3 spell levels left.
You knew the following spells:

 Your Spells              Type           Power      Damage    Failure   Level
a - Freeze                Ice            84%        1d9       1%          1
b - Frozen Ramparts       Ice            42%        1d7       5%          3
c - Ozocubu's Armour      Ice            21%        N/A       5%          3

Your spell library contained the following spells:

 Spells                   Type           Power      Damage    Failure   Level
 Ensorcelled Hibernation  Hex/Ice        24%        N/A       9%          2
 Sandblast                Erth           4%         2d4       17%         1
 Lesser Beckoning         Tloc           4%         N/A       26%         2
 Passwall                 Tmut/Erth      1%         N/A       26%         2
 Gell's Gravitas          Tloc           2%         N/A       45%         3
 Spider Form              Tmut/Pois      2%         N/A       45%         3
 Stone Arrow              Conj/Erth      4%         3d7       45%         3
 Teleport Other           Tloc           2%         N/A       45%         3
 Summon Ice Beast         Ice/Summ       12%        N/A       50%         4
 Anguish                  Hex/Necr       1%         N/A       86%         4


Dungeon Overview and Level Annotations

Branches:
Dungeon (7/15)
 Temple: D:4-7

Altars:

Annotations:
D:6 Menkaure


Innate Abilities, Weirdness & Mutations

((You are very nimble when in or above water. (Stealth+, EV+, Speed+++)))
Your lower body shifts to a powerful aquatic tail in water.


Message History

You kill the hound!
Unknown command.
Unknown command.
Unknown command.
Menkaure gestures wildly while chanting.
Menkaure seems to speed up.
Unknown command.
It was a potion of flight.
You feel very buoyant.
You fly up into the air.
It was a potion of curing.
You feel better.
Menkaure resists.
The wall freezes Menkaure.
Unknown command.
Unknown command.
You hit Menkaure.
Menkaure is moderately damaged.
The frozen ramparts melt away.
Menkaure barely misses you.
Menkaure shouts, "You disturbed my rest!
Die!"
Menkaure closely misses you.
Casting: Ozocubu's Armour (dangerous; 5% risk of failure)
Confirm with . or Enter, or press ? or * to list all spells.
Casting: Frozen Ramparts (dangerous; 5% risk of failure)
Press: ? - help, Dir - look around, f - activate The walls around you are covered in ice.
The wall freezes Menkaure but does no damage.
Menkaure calls on the powers of darkness!
Your body is wracked with pain!
* * * LOW HITPOINT WARNING * * *
You barely miss Menkaure.
Menkaure is moderately damaged.
Menkaure resists.
The wall freezes Menkaure.
Menkaure hits you!
* * * LOW HITPOINT WARNING * * *
The phantom completely resists.
The wall freezes the phantom but does no damage.
You hit Menkaure but do no damage.
Menkaure is moderately damaged.
Menkaure completely resists.
The wall freezes Menkaure but does no damage.
Menkaure hits you.
You die...

#.# #.#
######.# #
##...##.##.#
#........#.#
#..........#
#......W.###
##...##M##
##.###@#
#.###.##
#......#
#..###.#
#..# .#
##.###.#
#.....#
###..## #..#
####


You could see a phantom and Menkaure (fast).

Vanquished Creatures
  A hound (D:6)
  A sleepcap (D:6)
  4 adders
  A shadow imp (D:6)
  A worm (D:3)
  3 dart slugs
  An orc (D:3)
  2 endoplasms (D:2)
  4 giant cockroaches
  9 goblins
  3 hobgoblins
  3 quokkas
  6 ball pythons
  6 bats
  2 frilled lizards (D:1)
  2 kobolds (D:3)
  4 rats
53 creatures vanquished.

Notes
Turn   | Place    | Note
-------+----------+-------------------------------------------
     0 | D:1      | safid the Merfolk Ice Elementalist began the quest for the
                  | Orb.
     0 | D:1      | Reached XP level 1. HP: 13/13 MP: 3/3
     6 | D:1      | Found a faded altar of an unknown god.
   161 | D:1      | Reached XP level 2. HP: 20/20 MP: 1/5
   297 | D:1      | Reached skill level 1 in Fighting
   591 | D:2      | Reached XP level 3. HP: 26/26 MP: 1/6
   739 | D:2      | Learned a level 3 spell: Frozen Ramparts
   743 | D:2      | Learned a level 3 spell: Ozocubu's Armour
   929 | D:2      | Reached skill level 5 in Ice Magic
  1144 | D:2      | Reached XP level 4. HP: 33/33 MP: 8/8
  2317 | D:4      | You fall into a shaft and drop 3 floors!
  2322 | D:7      | Noticed a bullfrog
  2329 | D:6      | Noticed a scorpion
  2349 | D:6      | Reached XP level 5. HP: 12/39 MP: 5/9
  2448 | D:6      | Noticed Menkaure
  2448 | D:6      | Noticed a phantom
  2467 | D:6      | HP: 1/40 [Menkaure (10)]
  2468 | D:6      | Slain by Menkaure

Illustrated notes

Levels and vault maps discovered:
D:1:      dpeg_arrival_shrine, layout_rooms, ebering_ecumenical_altar_rust
D:2:      layout_loops_ring, minmay_indecisive_spiral
D:3:      layout_loops_corners, serial_rivers, chequers_serial_rivers_micro_e,
          chequers_serial_rivers_room_b, chequers_serial_rivers_room_a,
          chequers_serial_rivers_small_b, chequers_serial_rivers_room_a
D:4:      layout_loops_corners
D:6:      layout_loops_ring, nicolae_uskayaw_suspiria,
          lightli_sewer_entry_pipes, uniq_menkaure
D:7:      layout_basic

Skill      XL: |  1  2  3  4 |
---------------+-------------+-----
Fighting       | 1 2 |  2.8
Ice Magic      | 5 |  5.4
Spellcasting   | 3 |  3.2
Dodging        | |  2.6
Stealth        | |  2.1

Action                     |  1- 3 |  4- 6 || total
---------------------------+-------+-------++-------
  Melee: Long sword        |    24 |       ||    24
         Short sword       |    10 |    57 ||    67
   Cast: Freeze            |    30 |    10 ||    40
         Frozen Ramparts   |       |     3 ||     3
         Ozocubu's Armour  |       |     1 ||     1
    Use: Potion            |       |     2 ||     2
   Stab: Sleeping          |     6 |     3 ||     9
 Armour: Robe              |    15 |     7 ||    22
  Dodge: Dodged            |    38 |    46 ||    84
